Map: Thunderbird LE

Players

Astrea

  • Race: Protoss Protoss
  • Spawn Location: 5:00

SKillous - Winner!

  • Race: Protoss Protoss
  • Spawn Location: 11:00

VOD

Have the link to the VOD?

Description

Time

  • Played on: Sept. 6, 2019, 1:15 p.m.
  • Length: 7:55
Show
View Real Time Build Order
Export as new Build Order

Astrea Protoss 

Build Orders: Blink Stalkers, Dark Templar Rush 

Get SALT Encoding   

  12  0:00  Probe  
  13  0:12  Probe  
  14  0:16  Pylon  
  14  0:23  Probe  
  15  0:31  Probe  
  16  0:37  Gateway  
  16  0:39  Probe  
  16  0:45  Assimilator  
  17  0:51  Probe  
  17  0:53  Assimilator  
  18  0:59  Probe  
  19  1:06  Gateway  
  19  1:07  Probe  
  19  1:17  Probe  
  20  1:24  Cybernetics Core  
  21  1:29  Probe  
  22  1:34  Pylon  
  22  1:41  Probe  
  24  1:54  Warp Gate  
  24  2:00  Adept x2  
  28  2:03  Twilight Council  
  27  2:30  Adept x2  
  31  2:47  Dark Shrine  
  31  3:00  Adept  
  31  3:09  Pylon  
  31  3:16  Robotics Facility  
  31  3:27  Probe  
  33  3:34  Blink  
  33  3:39  Probe  
  34  3:44  Nexus  
  32  3:55  Pylon  
  32  4:04  Pylon  
  32  4:09  Probe  
  31  4:12  Observer  
  31  4:13  Stalker x2  
  32  4:17  Probe  
  26  4:25  Probe  
  27  4:36  Probe  
  26  4:48  Probe  
  25  4:53  Probe, Stalker x2  
  30  5:00  Probe  
  30  5:02  Probe  
  32  5:10  Probe  
  32  5:12  Probe  
  34  5:18  Probe  
  34  5:24  Probe  
  34  5:26  Stalker  
  38  5:29  Stalker  
  38  5:33  Probe  
  41  5:37  Probe  
  42  5:45  Probe  
  43  5:50  Probe  
  43  5:55  Probe, Robotics Bay  
  44  6:03  Probe  
  44  6:04  Probe  
  47  6:13  Probe  
  47  6:15  Probe  
  49  6:19  Warp Prism  
  49  6:21  Probe  
  52  6:27  Probe  
  52  6:29  Probe  
  54  6:41  Stalker  
  54  6:42  Stalker  
  54  6:43  Probe x2  
  54  6:44  Observer  
  58  6:48  Disruptor  
  58  6:55  Probe  
  58  6:56  Pylon  
  58  6:57  Gravitic Drive  
  62  7:06  Pylon  
  62  7:14  Probe x2, Stalker  
  62  7:15  Stalker  
  68  7:17  Assimilator  
  68  7:19  Assimilator  
  68  7:22  Pylon  
  68  7:25  Observer  
  67  7:33  Probe x2  
  70  7:43  Gateway  
  70  7:45  Gateway  
Show
View Real Time Build Order
Export as new Build Order

SKillous Protoss - Winner!

Build Orders: Oracle Opening 

Get SALT Encoding   

  12  0:00  Probe  
  13  0:12  Probe  
  14  0:17  Pylon  
  14  0:24  Probe  
  15  0:32  Probe  
  15  0:37  Gateway  
  15  0:40  Probe  
  16  0:46  Assimilator  
  17  0:51  Probe  
  17  0:54  Assimilator  
  18  0:59  Probe  
  19  1:07  Gateway, Probe  
  19  1:17  Probe  
  20  1:24  Cybernetics Core  
  21  1:29  Probe  
  22  1:35  Pylon  
  22  1:41  Probe  
  24  1:59  Probe  
  24  2:01  Warp Gate, Adept x2  
  28  2:05  Pylon  
  28  2:25  Stargate  
  28  2:30  Stalker  
  28  2:31  Stalker  
  32  3:04  Oracle  
  30  3:06  Robotics Facility  
  30  3:11  Nexus  
  30  3:19  Probe  
  33  3:33  Probe  
  32  3:35  Oracle  
  32  3:43  Pylon  
  32  3:47  Probe  
  36  3:56  Observer  
  36  4:01  Shield Battery, Adept  
  36  4:02  Zealot  
  41  4:04  Probe  
  42  4:16  Probe  
  40  4:26  Probe  
  40  4:28  Probe  
  42  4:32  Stalker x2  
  42  4:37  Shield Battery, Oracle  
  42  4:38  Probe  
  47  4:40  Probe  
  48  4:49  Probe  
  48  4:51  Pylon  
  52  4:53  Probe  
  52  4:57  Probe  
  53  5:00  Assimilator  
  53  5:03  Immortal  
  53  5:05  Probe  
  53  5:06  Probe  
  56  5:17  Probe  
  56  5:18  Probe  
  62  5:28  Twilight Council  
  62  5:29  Probe  
  62  5:30  Probe  
  62  5:32  Pylon  
  62  5:33  Immortal  
  68  5:44  Blink, Probe  
  66  5:56  Gateway  
  67  5:57  Gateway  
  67  5:59  Adept  
  68  6:17  Immortal  
  72  6:19  Gateway  
  72  6:21  Gateway  
  72  6:25  Shield Battery  
  72  6:30  Probe x2  
  74  6:43  Probe x2  
  74  6:44  Assimilator  
  74  6:45  Gateway x2  
  74  6:46  Stalker  
  78  6:50  Pylon  
  78  6:53  Pylon  
  78  7:02  Pylon  
  78  7:04  Warp Prism  
  80  7:13  Stalker x2  
  80  7:14  Stalker  
  86  7:21  Stalker  
  86  7:22  Stalker  
  85  7:32  Stalker  
  87  7:44  Stalker x4  
Tags
 
Add a new tag
Caveats
  • Supply blocks, unpowered buildings, or Contaminate may cause inaccurate times.
  • Supply counts are checked every 10 seconds.